 Dungeon Crawl Stone Soup version 0.14-a0-1036-g6cac21b (webtiles) character file.

2519 PolkaDot the Conjurer (level 9, -3/62 HPs)
             Began as a Vampire Conjurer on Nov 24, 2013.
             Was a Believer of Vehumet.
             Slain by an orc warrior
             ... wielding a -1,+1 orcish mace
              (15 damage)
             ... on Level 8 of the Dungeon.
             The game lasted 00:32:37 (7154 turns).

PolkaDot the Conjurer (Vampire Conjurer)            Turns: 7154, Time: 00:32:37

HP  -3/62        AC 10     Str 12      XL: 9   Next: 10%
MP  11/12        EV 12     Int 18      God: Vehumet [**....]
Gold 360         SH  0     Dex 14      Spells:  3 memorised,  3 levels left

Res.Fire  : . . .   See Invis. : +   s - +3,+1 long sword (protect)
Res.Cold  : + + .   Warding    : .   g - +0 elf robe {rC+}
Life Prot.: . . .   Conserve   : .   (no shield)
Res.Poison: .       Res.Corr.  : .   (helmet restricted)
Res.Elec. : .       Clarity    : .   y - +1 cloak {darkness}
Sust.Abil.: + +     Spirit.Shd : .   z - +0 pair of gauntlets
Res.Mut.  : .       Stasis     : .   (no boots)
Res.Rott. : .       Flight     : .   (no amulet)
Saprovore : . . .                    r - ring of sustain abilities
                                     p - ring of sustain abilities

@: regenerating quickly, mighty, somewhat resistant to hostile enchantments,
stealthy
A: bottle blood, fangs 3, horns 1, see invisible, cold resistance 1, dopey 1,
low mp 1, robust 1, unbreathing
a: Bottle Blood, Renounce Religion, Evoke Invisibility


You were on level 8 of the Dungeon.
You worshipped Vehumet.
Vehumet was pleased with you.
You were very full.

You visited 2 branches of the dungeon, and saw 9 of its levels.

You collected 360 gold pieces.

Inventory:

Hand weapons
 s - a +3,+1 long sword of protection (weapon)
Armour
 f - a +0 buckler
 g - a +0 elven robe of cold resistance (worn)
 y - a +1 cloak of darkness (worn)
 z - a +0 pair of gauntlets (worn)
Magical devices
 x - a wand of frost (7)
 B - a wand of random effects (7)
Scrolls
 b - a scroll of fog {unknown}
 d - a scroll of amnesia {unknown}
 e - a scroll of recharging {unknown}
 h - 6 scrolls of remove curse {unknown}
 i - 3 scrolls of enchant armour {unknown}
 k - 3 scrolls of teleportation {unknown}
 l - a scroll of enchant weapon I {unknown}
 m - 2 scrolls of fear {unknown}
 o - 3 scrolls of blinking {unknown}
 q - 3 scrolls of random uselessness {unknown}
 t - 3 scrolls of magic mapping {unknown}
 u - 2 scrolls of curse armour {unknown}
 D - a scroll of immolation
Jewellery
 p - a ring of sustain abilities (left hand)
 r - a ring of sustain abilities (right hand)
Potions
 j - a potion of curing
 n - 2 potions of brilliance
 v - 3 potions of restore abilities
 A - a potion of lignification
 C - a potion of speed
 E - 2 potions of magic
Books
 c - a book of Conjurations

   Spells                             Type                      Level
   *Magic Dart                        Conjuration                  1
   *Searing Ray                       Conjuration                  2
   Dazzling Spray                     Conjuration/Hexes            3
   *Iskenderun's Mystic Blast         Conjuration                  4
   Iskenderun's Battlesphere          Conjuration/Charms           4
   Fulminant Prism                    Conjuration/Hexes            5


   Skills:
 - Level 2.1 Dodging
 - Level 3.0 Stealth
 - Level 1.0 Spellcasting
 * Level 9.8 Conjurations


You had 3 spell levels left.
You knew the following spells:

 Your Spells              Type           Power        Failure   Level  Hunger
a - Magic Dart            Conj           ####         1%          1    ##.....
d - Iskenderun's Mystic   Conj           #####...     3%          4    #####..
s - Searing Ray           Conj           #####.       1%          2    ###....


Dungeon Overview and Level Annotations

Branches:
Dungeon (8/16)             Temple (1/1) D:4
   Lair: D:8-11

Altars:
Ashenzari
Cheibriados
Elyvilon
Fedhas
Kikubaaqudgha
Makhleb
Nemelex Xobeh
Okawaru
Sif Muna
Trog
Vehumet
Xom
Yredelemnul
Zin
the Shining One

Annotations:
D:4 Edmund
D:8 Joseph


Innate Abilities, Weirdness & Mutations

Your natural rate of healing is unusually fast.
You can bottle blood from corpses.
You have razor-sharp teeth.*
You have supernaturally acute eyesight.
You can survive without breathing.*
You have a pair of small horns on your head.*
Your flesh is cold resistant.*+ You are dopey. (Int -2)
Your magical capacity is low (-10% MP).+ You are robust (+10% HP).


Message History

You slash the orc warrior!
The orc warrior is severely wounded.
The orc warrior hits you with an orcish great mace!
* * * LOW HITPOINT WARNING * * *
The orc warrior shouts!
You slash the orc warrior!
You kill the orc warrior!
Vehumet accepts your kill.
Things that are here:
an orcish great mace; an orcish plate armour; an orc corpse The orc warrior yells to no one in particular.
The wyvern zombie bites you!
* * * LOW HITPOINT WARNING * * *
You slash the wyvern zombie! You headbutt the wyvern zombie.
You destroy the wyvern zombie!
Vehumet accepts your kill.
An iguana skeleton comes into view.
The iguana skeleton moves out of view.
The orc warrior hits you with an orcish mace!
You die...

####........### ...#...
##..........## J..#...
.............# #..# ##
............## #..#
.........##'# #.[#
.....####..# #(.#
....###....##..#####..#
#...##......#(.........#
#...#....#@.#!....o..%.#
#..##...##.o##########'#
#..#...###.............#
#..#...# #.............#
#.##..###############..#
#.#....[...........o.%.#
#.'....)...)...........#
#.######################
#..))...<..#


You could see an orc warrior.

Vanquished Creatures
  An orc warrior (D:8)
  An ogre (D:8)
  3 phantoms
  A sky beast (D:6)
  The ghost of wojtek the Insei, an average DrTm (D:4)
  2 centaurs
  Sigmund (D:3)
  Blork the orc (D:6)
  A gnoll sergeant (D:6)
  A giant frog (D:8)
  A wyvern zombie (D:8)
  3 crimson imps
  Dowan (D:5)
  A jelly (D:7)
  4 orc priests
  Crazy Yiuf (D:3)
  A giant frog skeleton (D:5)
  6 orc wizards
  9 worker ants
  Jessica (D:3)
  7 adders
  3 gnolls (D:6)
  2 worms
  An iguana zombie (D:8)
  An adder skeleton (D:4)
  An iguana skeleton (D:4)
  3 giant eyeballs
  5 giant geckos
  An ooze (D:1)
  17 orcs
  20 bats
  5 giant cockroaches
  11 hobgoblins
  4 jackals (D:2)
  12 kobolds
  A giant newt (D:3)
  A giant newt skeleton (D:5)
  12 goblins
  A hobgoblin skeleton (D:3)
  An orc zombie (D:5)
  5 quokkas
  23 rats
178 creatures vanquished.

Vanquished Creatures (others)
  Duvessa (D:5)
  A quokka (D:4)
2 creatures vanquished.

Grand Total: 180 creatures vanquished

Notes
Turn   | Place    | Note
--------------------------------------------------------------
     0 | D:1      | PolkaDot, the Vampire Conjurer, began the quest for the Orb.
     0 | D:1      | Reached XP level 1. HP: 13/13 MP: 4/4
   546 | D:1      | Reached XP level 2. HP: 19/19 MP: 3/5
  1677 | D:2      | Learned a level 2 spell: Searing Ray
  1708 | D:2      | Reached XP level 3. HP: 24/24 MP: 1/6
  1979 | D:2      | Reached skill level 4 in Conjurations
  2301 | D:2      | Reached XP level 4. HP: 30/30 MP: 5/8
  2578 | D:3      | Noticed Jessica
  2586 | D:3      | Killed Jessica
  2636 | D:3      | Noticed Crazy Yiuf
  2645 | D:3      | Killed Crazy Yiuf
  2712 | D:3      | Reached XP level 5. HP: 35/35 MP: 5/9
  2828 | D:3      | Noticed Sigmund
  2846 | D:3      | Gained mutation: You have a pair of small horns on your head. [potion of beneficial mutation]
  2849 | D:3      | Gained mutation: You are dopey. (Int -2) [potion of mutation]
  2849 | D:3      | Gained mutation: You are robust (+10% HP). [potion of mutation]
  2849 | D:3      | Gained mutation: Your magical capacity is low (-10% MP). [potion of mutation]
  2859 | D:3      | Killed Sigmund
  2859 | D:3      | Reached skill level 5 in Conjurations
  3584 | D:4      | Reached XP level 6. HP: 45/45 MP: 3/9
  3617 | D:4      | Noticed wojtek's ghost (average DrTm)
  3648 | D:4      | Killed wojtek's ghost
  3740 | D:4      | Found a staircase to the Ecumenical Temple.
  3761 | Temple   | Entered the Ecumenical Temple
  3857 | Temple   | Became a worshipper of Vehumet
  3888 | D:4      | Reached skill level 6 in Conjurations
  4211 | D:4      | Noticed Edmund
  4570 | D:5      | Entered Level 5 of the Dungeon
  4572 | D:5      | Found a glowing silver altar of Zin.
  4576 | D:5      | Found a deep blue altar of Sif Muna.
  4658 | D:5      | Reached XP level 7. HP: 50/50 MP: 9/9
  4719 | D:5      | Paralysed by a giant eyeball for 3 turns
  4906 | D:5      | Noticed Duvessa
  4906 | D:5      | Noticed Dowan
  4947 | D:5      | Killed Duvessa
  4968 | D:5      | Killed Dowan
  5009 | D:5      | Reached skill level 7 in Conjurations
  5019 | D:5      | Gained mutation: Your flesh is cold resistant. [potion of mutation]
  5031 | D:5      | Acquired Vehumet's first power
  5031 | D:5      | Offered knowledge of Flame Tongue by Vehumet.
  5721 | D:6      | Learned a level 4 spell: Iskenderun's Mystic Blast
  5856 | D:6      | Reached XP level 8. HP: 46/57 MP: 7/11
  5968 | D:6      | Reached skill level 8 in Conjurations
  6355 | D:6      | Noticed Blork the orc
  6362 | D:6      | Killed Blork the orc
  6590 | D:7      | Reached skill level 9 in Conjurations
  6617 | D:7      | Offered knowledge of Sandblast by Vehumet.
  6661 | D:8      | Found a sparkling altar of Nemelex Xobeh.
  6669 | D:8      | Noticed Joseph
  6845 | D:8      | Reached XP level 9. HP: 44/62 MP: 7/12
  6868 | D:8      | HP: 2/62 [adder (4)]
  6880 | D:8      | HP: 3/62 [poisoned by an adder]
  7090 | D:8      | Paralysed by a giant eyeball for 3 turns
  7154 | D:8      | Slain by an orc warrior

Action                   |  1- 3 |  4- 6 |  7- 9 || total
-------------------------+-------+-------+-------++-------
Melee: Unarmed           |    37 |       |       ||    37
       Long sword        |     1 |   109 |   174 ||   284
 Cast: Magic Dart        |    73 |    35 |     5 ||   113
       Searing Ray       |     3 |    15 |    35 ||    53
       Iskenderun's Myst |       |       |     2 ||     2
 Abil: Bottle Blood      |       |     3 |       ||     3
Evoke: Wand              |       |     1 |       ||     1
  Use: Potion            |     1 |    16 |     5 ||    22
       Scroll            |       |       |     7 ||     7
 Stab: Sleeping          |       |     4 |     2 ||     6
       Paralysed         |       |     1 |       ||     1
       Distracted        |       |       |     1 ||     1
